AoeStats
← CaptainThomas

Golden Pit

503352002Analyzed
1v1 RM · 1mo ago on Aug 31, 2026· 44m 50s· 2 players
Game mode
Random Map
Map size
Tiny (2 player)
Population
200
Speed
Normal
Resources
Standard
Victory
Conquest
Starting age
Dark Age
Ending age
Imperial Age
RankedLock teamsTeams togetherTeam positionsShared explorationLock speedFull tech treeHidden civsTurbo modeCheats
Victory
Defeat
🇦🇹 Aztecs · Austria
1773
+12
🇫🇷 Goths · France
1679
-12
Eichelkäse Jack
6:31 Loom
8:57 Feudal Age
9:11 Man-at-Arms
10:33 Gold Mining
15:15 Fletching
17:07 Double-Bit Axe
20:26 Castle Age
19:45 Forging
19:35 Double-Bit Axe
19:35 Horse Collar
20:54 Scale Mail Armor
21:56 Eagle Warrior
23:52 Bow Saw
26:40 Wheelbarrow
26:21 Stone Mining
32:12 Sanctity
34:31 Imperial Age
32:09 Heavy Plow
34:47 Hand Cart
34:18 Town Watch
35:11 Gold Shaft Mining
35:12 Stone Shaft Mining
35:20 Iron Casting
36:07 Chain Mail Armor
36:29 Conscription
36:31 Garland Wars
37:42 Blast Furnace
36:47 Squires
36:36 Arson
40:31 Elite Jaguar Warrior
41:56 Plate Mail Armor
43:21 Elite Skirmisher
44:09 Bodkin Arrow
44:15 Padded Archer Armor
CaptainThomas
5:27 Loom
10:25 Feudal Age
10:39 Feudal Age
12:22 Double-Bit Axe
15:27 Fletching
20:22 Wheelbarrow
23:48 Castle Age
22:52 Man-at-Arms
24:08 Scale Mail Armor
24:32 Forging
23:57 Long Swordsman
24:47 Horse Collar
25:41 Chain Mail Armor
26:45 Heavy Plow
27:58 Gold Mining
30:41 Squires
31:43 Iron Casting
34:40 Imperial Age
33:19 Iron Casting
33:40 Bow Saw
36:37 Chemistry
36:15 Hand Cart
Connection lost

Rejoining the realm…

Still unreachable

The connection could not be restored.

Session expired

The server has moved on; the page needs a fresh start.